 Dungeon Crawl Stone Soup version 0.18-a0-24-g6e14259 (webtiles) character file.

746 panicbit the Chopper (level 7, -9/61 HPs)
             Began as a Minotaur Fighter on Oct 20, 2015.
             Mangled by Pikel
             ... wielding a +1 whip of electrocution
              (17 damage)
             ... on level 5 of the Dungeon on Nov 3, 2015.
             The game lasted 00:10:59 (3378 turns).

panicbit the Chopper (Minotaur Fighter)             Turns: 3378, Time: 00:11:00

Health: -9/61      AC:  9    Str: 27    XL:     7   Next: 48%
Magic:  6/6        EV:  9    Int:  5    God:
Gold:   321        SH: 10    Dex: 10    Spells: 0 memorised, 6 levels left

rFire  . . .     SeeInvis .     a - +0 war axe
rCold  . . .     Clarity  .     b - +0 scale mail
rNeg   . . .     SustAt   .     c - +0 shield
rPois  +         Gourm    +     (helmet restricted)
rElec  .         Spirit   .     s - +1 cloak {rPois}
rCorr  .         Warding  .     (no gloves)
rMut   .         Stasis   .     (no boots)
MR     .....                    v - amulet of the gourmand
Stlth  ..........               (no ring)
                                (no ring)

@: mighty, not resistant to hostile enchantments, extremely unstealthy
A: retaliatory headbutt, horns 2
a: no special abilities


You were on level 5 of the Dungeon.
You were not hungry.

You visited 1 branch of the dungeon, and saw 5 of its levels.
You also visited: Ossuary.

You collected 321 gold pieces.

Inventory:

Hand Weapons
 a - a +0 war axe (weapon)
Armour
 b - a +0 scale mail (worn)
 c - a +0 shield (worn)
 s - a +1 cloak of poison resistance (worn)
Jewellery
 v - an amulet of the gourmand (around neck)
Scrolls
 f - a scroll of fog {unknown}
 i - a scroll of amnesia {unknown}
 k - a scroll of recharging {unknown}
 n - a scroll of enchant armour {unknown}
 p - 3 scrolls of teleportation
 t - 2 scrolls of remove curse
 u - a scroll of fear {unknown}
 y - 2 scrolls of enchant weapon
 B - a scroll of noise {unknown}
 C - a scroll of immolation {unknown}
Potions
 d - 2 potions of might
 g - a potion of invisibility {unknown}
 j - 3 potions of curing {unknown}
 o - a potion of heal wounds {unknown}
 q - 3 potions of brilliance {unknown}
 r - a potion of cure mutation {unknown}
 x - a potion of lignification {unknown}
 z - a potion of resistance {unknown}
 A - a potion of flight {unknown}
Comestibles
 e - 2 bread rations
 h - 7 fruits
 m - 3 beef jerkies
 w - a meat ration


   Skills:
 + Level 5.6 Fighting
 + Level 5.8 Axes
 + Level 5.7 Armour
 + Level 2.9 Dodging
 + Level 5.7 Shields


You had 6 spell levels left.
You didn't know any spells.

Dungeon Overview and Level Annotations

Branches:
Dungeon (5/15)
 Temple: D:4-7

Altars:
Cheibriados
The Shining One

Annotations:
D:5 Pikel, Sigmund


Innate Abilities, Weirdness & Mutations

You reflexively headbutt those who attack you in melee.
You have a pair of horns on your head.


Message History

You hit Pikel but do no damage. Your headbutt misses Pikel.
Pikel hits you but does no damage. x2
You are electrocuted!
You hit Pikel. You headbutt Pikel.
Pikel is lightly wounded.
Pikel hits you with a whip of electrocution!
You block Pikel's attack.
Pikel hits you with a whip of electrocution.
You are electrocuted!
* * * LOW HITPOINT WARNING * * *
Things that are here:
a hand axe; a ring mail; 4 chunks of flesh Pikel rages.
You see here a dagger.
Pikel barely misses you. You furiously retaliate!
You headbutt Pikel.
Drink which item? (? for menu, Esc to quit)
You feel very mighty all of a sudden. You block Pikel's attack.
Pikel hits you but does no damage.
You are electrocuted!
You die...

#.# #.
#pp....p. .#
#.##.#
#.####..#p#
#.........#
#######.#####
.......p)...#
########).#.#
.......pK#
#######.@#
#......<#
#.####..#
##.# #.. #...
#... #...#
#.#.#


You could see Pikel (berserk) and 2 slaves.

Vanquished Creatures
  A centaur (D:4)
  2 elf zombies (Ossuary)
  A crimson imp (D:5)
  Crazy Yiuf (D:1)
  2 orc priests (D:5)
  2 orc wizards (D:3)
  Jessica (D:2)
  2 hounds
  2 big kobold zombies (Ossuary)
  2 mummies (Ossuary)
  A hound skeleton (D:5)
  8 adders
  3 oozes
  2 adder zombies (Ossuary)
  5 worms
  8 orcs
  10 bats
  5 giant cockroaches
  9 hobgoblins
  8 kobolds
  A quokka (D:4)
  2 giant geckos (D:3)
  3 giant newts
  5 goblins
  A goblin zombie (Ossuary)
  7 hobgoblin zombies (Ossuary)
  A jackal skeleton (D:5)
  A jackal zombie (Ossuary)
  11 kobold zombies (Ossuary)
  8 orc zombies (Ossuary)
  15 rats
  3 rat zombies (Ossuary)
133 creatures vanquished.

Notes
Turn   | Place    | Note
--------------------------------------------------------------
     0 | D:1      | panicbit the Minotaur Fighter began the quest for the Orb.
     0 | D:1      | Reached XP level 1. HP: 19/19 MP: 0/0
   217 | D:1      | Reached XP level 2. HP: 27/27 MP: 1/1
   452 | D:1      | Reached skill level 4 in Shields
   708 | D:2      | Found a snail-covered altar of Cheibriados.
   794 | D:2      | Reached XP level 3. HP: 28/33 MP: 2/2
   900 | D:2      | Noticed Jessica
   902 | D:2      | Killed Jessica
   904 | D:2      | Reached XP level 4. HP: 40/40 MP: 3/3
   976 | D:2      | Noticed Crazy Yiuf
  1002 | D:1      | Killed Crazy Yiuf
  1108 | D:2      | Reached skill level 1 in Dodging
  1642 | D:3      | Reached XP level 5. HP: 45/47 MP: 4/4
  1813 | D:3      | Found a glowing golden altar of the Shining One.
  1878 | D:3      | Reached skill level 5 in Armour
  2064 | D:3      | Upgraded the game from 0.17-a0-2118-g63bad21 to 0.18-a0-24-g6e14259
  2123 | D:3      | Reached XP level 6. HP: 53/53 MP: 5/5
  2400 | D:4      | Reached skill level 5 in Shields
  2610 | D:4      | Found a sand-covered staircase.
  2620 | Ossuary  | Entered an ossuary
  2652 | Ossuary  | Reached skill level 5 in Fighting
  2795 | Ossuary  | Reached skill level 5 in Axes
  2795 | Ossuary  | Reached XP level 7. HP: 42/61 MP: 6/6
  2959 | D:5      | Entered Level 5 of the Dungeon
  3004 | D:5      | Noticed Sigmund
  3364 | D:5      | Noticed Pikel
  3378 | D:5      | Mangled by Pikel

Vault maps used:
D:1:      enne_arrival_octagon_isle
D:2:      cheibriados_altar_1, uniq_crazy_yiuf_cottage, uniq_jessica
D:3:      lemuel_round_altar, serial_glass, glass_columns_c, glass_columns_b,
          st_stairs_13, patterned_corridor
D:4:      enter_ossuary_3, hangedman_decor_peaks_small
D:5:      first_bread, basic_altar, uniq_sigmund, uniq_blork_the_orc, uniq_pikel
Ossuary:  ossuary_tomb_1

Action                   |  1- 3 |  4- 6 |  7- 9 || total
-------------------------+-------+-------+-------++-------
Melee: War axe           |    57 |   209 |    64 ||   330
  Use: Scroll            |       |     2 |     2 ||     4
       Potion            |       |       |     1 ||     1
  Eat: Chunk             |       |    15 |     1 ||    16
